 Dungeon Crawl Stone Soup version 0.27-a0-972-gd1521fd518 (webtiles) character file.

Game seed: 16898194789004943802

645 Anon1729 the Insei (level 7, -5/50 HPs)
             Began as a Djinni Transmuter on Apr 13, 2021.
             Slain by Menkaure (15 damage)
             ... on level 4 of the Dungeon.
             The game lasted 00:14:29 (6836 turns).

Anon1729 the Insei (Djinni Transmuter)              Turns: 6836, Time: 00:14:29

Health: -5/50      AC:  8    Str:  9    XL:     7   Next: 52%
Gold:   34         EV: 22    Int: 17    God:
                   SH:  5    Dex: 18

rFire    . . .     SeeInvis .     - Unarmed
rCold    . . .     Faith    .   (shield currently unavailable)
rNeg     . . .     Spirit   .   (armour currently unavailable)
rPois    ∞         Reflect  +   (helmet currently unavailable)
rElec    .         Harm     .   (cloak currently unavailable)
rCorr    .         Rampage  .   (gloves currently unavailable)
Will     .....                  (boots unavailable)
Stlth    ++........             k - amulet of reflection
HPRegen  0.16/turn              (no ring)
MPRegen  0.00/turn              (no ring)

@: ice-armoured, spider-form (expiring), flying
A: venomous fangs, flying, tiny, (fire resistance 2), (cold vulnerability 1),
float, innate caster, hp casting, extra vitality 1
a: End Transformation


You were on level 4 of the Dungeon.
You were a venomous arachnid creature.
You visited 1 branch of the dungeon, and saw 4 of its levels.

You collected 154 gold pieces.
You spent 120 gold pieces at shops.

Inventory:

Missiles
 b - 10 curare-tipped darts
Armour
 a - a +0 robe (melded)
 j - a +0 pair of gloves (melded)
Magical Staves
 e - a staff of cold
Jewellery
 k - an amulet of reflection (around neck)
Wands
 c - a wand of flame (13)
 g - a wand of mindburst (8)
 m - a wand of paralysis (3)
Scrolls
 d - 2 scrolls of fear {unknown}
 f - 2 scrolls of identify {unknown}
 h - a scroll of brand weapon {unknown}
 i - a scroll of blinking {unknown}
 l - a scroll of magic mapping {unknown}
 n - a scroll of enchant weapon {unknown}
 o - a scroll of amnesia {unknown}
 p - a scroll of acquirement {unknown}


   Skills:
 + Level 3.4 Fighting
 + Level 4.4 Dodging
 + Level 4.6 Unarmed Combat
 * Level 4.4 Spellcasting


You couldn't memorise any spells.
You knew the following spells:

 Your Spells              Type           Power      Damage    Failure   Level
a - Beastly Appendage     Tmut           38%        N/A       9%          1
b - Wereblood             Tmut           19%        N/A       12%         2
c - Spider Form           Tmut/Pois      9%         N/A       19%         3
d - Ice Form              Ice/Tmut       19%        N/A       45%         4
e - Hydra Form            Tmut           9%         N/A       75%         5
f - Corona                Hex            21%        N/A       9%          1
g - Corpse Rot            Necr/Air       N/A        N/A       12%         2
h - Ozocubu's Armour      Ice            19%        N/A       19%         3
Your spell library was empty.

Dungeon Overview and Level Annotations

Branches:
Dungeon (4/15)
 Temple: D:4-7

Altars:

Shops:
D:2 !   D:4 ?(*=

Annotations:
D:3 exclusion: door
D:4 Menkaure


Innate Abilities, Weirdness & Mutations

You are a venomous arachnid creature.
You have poisonous fangs.
You are tiny and dextrous.
You are flying.
Your spellcasting is less reliable in this form.
Your armour is entirely melded.
You are incapable of wielding weapons or throwing items.
You are immune to poison.
((Your flesh is very heat resistant. (rF++)))
((You are vulnerable to cold. (rC-)))
You float through the air rather than walking.
You learn spells naturally, not from books.
Your magical power is your life essence.
You have superior vitality. (+4 HP)


Message History

Sigmund is severely wounded.
Sigmund misses you.
You hit Sigmund.
Sigmund looks as sick as possible!
Sigmund is almost dead.
Sigmund misses you.
You hit Sigmund but do no damage.
Sigmund looks as sick as possible!
Sigmund is almost dead.
Sigmund stops glowing and disappears.
You hear some strange, mumbled words.
A puff of flame appears from out of thin air!
The puff of flame hits you.
Casting: Corona (safe; 10% risk of failure)
Confirm with . or Enter, or press ? or * to list all spells.
A film of ice covers your body!
Reactivating autopickup.
You feel a bit more experienced. Menkaure barely misses you.
Unknown command.
Casting: Ozocubu's Armour (dangerous; 19% risk of failure)
Confirm with . or Enter, or press ? or * to list all spells.
Aiming: Corona (safe; 9% risk of failure)
Press: ? - help, Shift-Dir - straight line, f - Menkaure
Aim: Menkaure (chance to affect: 57%) Menkaure is outlined in light.
Menkaure calls on the powers of darkness!
Your body is wracked with pain!
* * * LOW HITPOINT WARNING * * *
You hit Menkaure.
Menkaure is lightly damaged.
Menkaure casts a spell at you.
You struggle to resist.
You hit Menkaure.
Menkaure is lightly damaged.
You hit Menkaure.
Menkaure is moderately damaged.
Your transformation is almost over.
Menkaure barely misses you.
You bite Menkaure!
Menkaure is severely damaged.
Menkaure hits you!
You die...

#.#....###.# ...#.# #.
#.#####.#.# #... #.
#........## # ##
#####. #########.##
##.## #.# #.....
..#######..###.#.###.#
#.####
#.........#.#.....#.#
#.#
<.#####.....[......#
#.#
###............8.)#
#.# #
#.##......#...sM######
#.# #
#.##.................#
#.# #
#.###.(...#..#...###.#
#.# # #.#
##...###.##### #.# #.#
# #.# #...# #.# #.#
#.# ###.######.###.#
####.#####.#
.............#.#
#.......∩..#
#####.####.#.#.#
#.##.#######
#.####.#.#.# #.##.#


You could see Menkaure (corona).

Vanquished Creatures
  Sigmund (D:4)
  A scorpion (D:4)
  2 centaur zombies (D:3)
  An orc priest (D:3)
  A bullfrog skeleton (D:4)
  A centaur skeleton (D:3)
  An iguana (D:3)
  2 scorpion zombies (D:4)
  An orc wizard (D:3)
  A hound zombie (D:4)
  A hound skeleton (D:4)
  A howler monkey skeleton (D:4)
  4 adders
  2 adder zombies (D:4)
  2 adder skeletons (D:4)
  4 worms
  4 orcs
  7 bats
  6 endoplasms
  3 giant cockroaches (D:1)
  8 goblins
  6 hobgoblins
  2 jackals (D:2)
  3 quokkas
  9 ball pythons
  2 frilled lizards
  3 kobolds
  2 quokka skeletons (D:4)
  8 rats
89 creatures vanquished.

Vanquished Creatures (others)
  A withered plant (D:4)
1 creature vanquished.

Grand Total: 90 creatures vanquished

Notes
Turn   | Place    | Note
-------+----------+-------------------------------------------
     0 | D:1      | Anon1729 the Djinni Transmuter began the quest for the Orb.
     0 | D:1      | Reached XP level 1. HP: 17/17 MP: 0/0
     3 | D:1      | Noticed an electric eel
     4 | D:1      | Noticed an electric eel
   573 | D:1      | Reached XP level 2. HP: 13/22 MP: 0/0
  1795 | D:2      | Found Aplaumny's Distillery.
  1803 | D:2      | Bought a potion of degeneration for 12 gold pieces
  2701 | D:2      | Reached XP level 3. HP: 20/27 MP: 0/0
  2701 | D:2      | Learned a level 1 spell: Corona
  3896 | D:2      | Reached XP level 4. HP: 32/33 MP: 0/0
  4534 | D:3      | Noticed a moth of wrath
  4743 | D:3      | Reached XP level 5. HP: 7/38 MP: 0/0
  4743 | D:3      | Learned a level 2 spell: Corpse Rot
  5243 | D:3      | Reached XP level 6. HP: 45/45 MP: 0/0
  6292 | D:4      | Reached XP level 7. HP: 28/50 MP: 0/0
  6292 | D:4      | Learned a level 3 spell: Ozocubu's Armour
  6435 | D:4      | Found Mayxush's Magic Scroll Emporium.
  6537 | D:4      | Found Girchoyb's Assorted Antiques.
  6549 | D:4      | Bought a scroll labelled ECO FISEMITA for 27 gold pieces
  6549 | D:4      | Bought a scroll labelled BYECYD NAURANG for 27 gold pieces
  6549 | D:4      | Bought a scroll labelled OJUT JECEUBLEF for 27 gold pieces
  6549 | D:4      | Bought a scroll labelled PIBIASTRA NUCK for 27 gold pieces
  6602 | D:4      | Found Dubbid's Antique Weapon Shoppe.
  6771 | D:4      | Found Caidd's Jewellery Boutique.
  6774 | D:4      | Noticed Menkaure
  6815 | D:4      | Noticed Sigmund
  6831 | D:4      | Killed Sigmund
  6836 | D:4      | Slain by Menkaure

Illustrated notes

Levels and vault maps discovered:
D:1:      arrival_aquarium_b, layout_basic
D:2:      minmay_wonky_spiral, layout_basic, serial_shops, shop,
          minmay_misc_feat_tower, serial_bayou_pond_b, minmay_hexomino_f4
D:3:      layout_rooms, tgw_trog
D:4:      layout_loops_ring, serial_shops, shop, shop,
          nicolae_shop_competitors_out_of_business,
          nicolae_shop_temple_entry_statues_fountains, shop, serial_undead,
          serial_undead_a, serial_undead_d, serial_undead_e, serial_undead_c,
          serial_undead_d, serial_undead_b, kennysheep_generic_room_14,
          uniq_menkaure, uniq_sigmund

Skill      XL: |  1  2  3  4  5  6 |
---------------+-------------------+-----
Spellcasting   | 2 3 4 |  4.4
Fighting       | 2 3 |  3.4
Dodging        | 3 4 |  4.4
Unarmed Combat | 4 |  4.6

Action                   |  1- 3 |  4- 6 |  7- 9 || total
-------------------------+-------+-------+-------++-------
Melee: Unarmed           |   156 |   155 |    51 ||   362
       Headbutt          |     8 |    10 |     4 ||    22
       Punch             |       |     1 |       ||     1
 Cast: Beastly Appendage |    21 |    12 |     5 ||    38
       Spider Form       |     3 |    11 |     1 ||    15
       Corona            |     2 |       |     2 ||     4
       Wereblood         |     1 |       |       ||     1
       Ice Form          |       |     4 |       ||     4
       Ozocubu's Armour  |       |       |     1 ||     1
Evoke: Wand              |       |     4 |       ||     4
  Use: Potion            |       |     2 |       ||     2
 Stab: Sleeping          |     1 |       |     1 ||     2
Armor: Robe              |    20 |     9 |     5 ||    34
       Skin              |       |    22 |     1 ||    23
Dodge: Dodged            |   100 |   126 |    26 ||   252
Block: Other             |       |     2 |     6 ||     8

Table legend: (Time is in decaauts)
 A = Elapsed time spent in this place.
 B = Non-inter-level travel time spent in this place.
 C = Inter-level travel time spent in this place.
 D = Time resting spent in this place.
 E = Time spent auto-exploring this place.
 F = Levels seen in this place.
 G = Mean time per level.
                   A        B        C        D        E       F      G
               +--------+--------+--------+--------+--------+-----+--------+
         Total |   6822 |   6718 |    104 |   1757 |   3940 |   4 | 1705.5 |
       Dungeon |   6822 |   6718 |    104 |   1757 |   3940 |   4 | 1705.5 |
               +--------+--------+--------+--------+--------+-----+--------+

Top non-repeatable levels by time:
     D:1: 2429 daAuts
     D:2: 1690 daAuts
     D:3: 1621 daAuts
     D:4: 1081 daAuts
